| TOP OF THE 1ST |
|
Lexington Legends batting - Pitching for Hickory Crawdads : RHP Jose Barragan
|
|
Pitching: RHP Jose Barragan
|
|
|
Batting: RHB Doug Carter
|
0-0: Bunt for hit to 25 - play at first, batter OUT! 5-3
|
|
Batting: SHB Ryoji Hiraoka
|
0-0: Fly out, F5 (Popup, 5S, EV 75.6 MPH)
|
|
Batting: RHB Andy Urquhart
|
0-0: Foul Ball, location: 2F 0-1: Swinging Strike 0-2: Strikes out swinging
|
| Top of the 1st over - 0 runs, 0 hits, 0 errors, 0 left on base; Lexington 0 - Hickory 0 |
| BOTTOM OF THE 1ST |
|
Hickory Crawdads batting - Pitching for Lexington Legends : RHP Tony Jimenez
|
|
Pitching: RHP Tony Jimenez
|
|
|
Batting: LHB Sadamu Noguchi
|
0-0: Called Strike 0-1: Ball 1-1: Called Strike 1-2: Fly out, F8 (Flyball, 78D, EV 91.2 MPH)
|
|
Batting: RHB Theo van Gent
|
0-0: Ball 1-0: Ball 2-0: Called Strike 2-1: Ball 3-1: Foul Ball, location: 2F 3-2: Base on Balls
|
|
Batting: RHB Joe Fiorito
|
0-0: Called Strike 0-1: Ball 1-1: Swinging Strike 1-2: Foul Ball, location: 2F 1-2: SINGLE (Flyball, 78M, EV 93.8 MPH) Theo van Gent to second
|
|
Batting: RHB Vinny Luna
|
0-0: Grounds into double play, 5-4-3 (Groundball, 5, EV 91.2 MPH)
|
| Bottom of the 1st over - 0 runs, 1 hit, 0 errors, 1 left on base; Lexington 0 - Hickory 0 |
| TOP OF THE 2ND |
|
Lexington Legends batting - Pitching for Hickory Crawdads : RHP Jose Barragan
|
|
Batting: RHB Pete Deschamps
|
0-0: Called Strike 0-1: Ball 1-1: Foul Ball, location: 2F 1-2: Strikes out looking
|
|
Batting: LHB Robert Wilkins
|
0-0: Foul Ball, location: 2F 0-1: Swinging Strike 0-2: Strikes out swinging
|
|
Batting: RHB Ben Garrett
|
0-0: Swinging Strike 0-1: Called Strike 0-2: Ground out 6-3 (Groundball, 6, EV 85.0 MPH)
|
| Top of the 2nd over - 0 runs, 0 hits, 0 errors, 0 left on base; Lexington 0 - Hickory 0 |
| BOTTOM OF THE 2ND |
|
Hickory Crawdads batting - Pitching for Lexington Legends : RHP Tony Jimenez
|
|
Batting: RHB Tim Adams
|
0-0: Ball 1-0: Ball 2-0: Swinging Strike 2-1: Called Strike 2-2: Ball 3-2: Foul Ball, location: 2F 3-2: Base on Balls
|
|
Pitching: RHP Franklin Salazar
|
|
|
Batting: RHB Chance Lamb
|
0-0: Ball 1-0: DOUBLE (Flyball, 8LXD, EV 106.2 MPH) Tim Adams to third
|
|
Batting: RHB Josh Ferguson
|
0-0: Ball 1-0: Ball 2-0: Swinging Strike 2-1: Ground out 6-3 (Groundball, 6, EV 89.4 MPH) Tim Adams scores Chance Lamb to third
|
|
Batting: RHB Ricky Carbajal
|
0-0: Called Strike 0-1: Swinging Strike 0-2: Strikes out swinging
|
|
Batting: RHB Dennis Daniels
|
0-0: Ball 1-0: Fly out, F7 (Flyball, 7D, EV 101.2 MPH)
|
| Bottom of the 2nd over - 1 run, 1 hit, 0 errors, 1 left on base; Lexington 0 - Hickory 1 |
| TOP OF THE 3RD |
|
Lexington Legends batting - Pitching for Hickory Crawdads : RHP Jose Barragan
|
|
Batting: RHB Nate De Jongh
|
0-0: Ball 1-0: Called Strike 1-1: Called Strike 1-2: Ball 2-2: Strikes out swinging
|
|
Batting: RHB Kunimatsu Oya
|
0-0: Ball 1-0: Ball 2-0: Ball 3-0: Called Strike 3-1: Called Strike 3-2: Foul Ball, location: 2F 3-2: Strikes out swinging
|
|
Batting: RHB Eric Erickson
|
0-0: Called Strike 0-1: Called Strike 0-2: Strikes out swinging
|
| Top of the 3rd over - 0 runs, 0 hits, 0 errors, 0 left on base; Lexington 0 - Hickory 1 |
| BOTTOM OF THE 3RD |
|
Hickory Crawdads batting - Pitching for Lexington Legends : RHP Franklin Salazar
|
|
Batting: LHB Sadamu Noguchi
|
0-0: Ball 1-0: Called Strike 1-1: Ball 2-1: SINGLE (Groundball, 4MD, EV 102.5 MPH)
|
|
Batting: RHB Theo van Gent
|
0-0: Called Strike Sadamu Noguchi steals 2nd base (no throw) 0-1: Foul Ball, location: 2F 0-2: Ball 1-2: SINGLE (Groundball, 6MD, EV 110.6 MPH) Sadamu Noguchi to third Runner from 3rd tries for Home, SAFE, throw by CF to home
|
|
Pitching: LHP Tyler Abraham
|
|
|
Batting: RHB Joe Fiorito
|
0-0: Called Strike 0-1: Ball 1-1: Called Strike 1-2: Foul Ball, location: 2F 1-2: Foul Ball, location: 2F 1-2: Ball 2-2: Foul Ball, location: 2F 2-2: Strikes out swinging
|
|
Batting: RHB Vinny Luna
|
0-0: Ball Theo van Gent steals 2nd, throwing error, E2 Theo van Gent to third 1-0: Foul Ball, location: 2F 1-1: Ball 2-1: Called Strike 2-2: Ball 3-2: Strikes out looking
|
|
Batting: RHB Tim Adams
|
0-0: Called Strike 0-1: Ball 1-1: Ball 2-1: Ball 3-1: Base on Balls
|
|
Pitching: RHP Howie Seidler
|
|
|
Batting: RHB Chance Lamb
|
0-0: Ball Tim Adams steals 2nd base 1-0: 3-RUN HOME RUN (Flyball, 7D, EV 100.0 MPH), Distance : 386 ft
|
|
Batting: RHB Josh Ferguson
|
0-0: Called Strike 0-1: Ball 1-1: Foul Ball, location: 2F 1-2: Ball 2-2: Ground out 6-3 (Groundball, 6, EV 85.0 MPH)
|
| Bottom of the 3rd over - 4 runs, 3 hits, 1 error, 0 left on base; Lexington 0 - Hickory 5 |
| TOP OF THE 4TH |
|
Lexington Legends batting - Pitching for Hickory Crawdads : RHP Jose Barragan
|
|
Batting: RHB Doug Carter
|
0-0: Foul Ball, location: 2F 0-1: Swinging Strike 0-2: Strikes out swinging
|
|
Batting: SHB Ryoji Hiraoka
|
0-0: Called Strike 0-1: Called Strike 0-2: Foul Ball, location: 2F 0-2: Strikes out looking
|
|
Batting: RHB Andy Urquhart
|
0-0: Ball 1-0: Called Strike 1-1: Called Strike 1-2: Ball 2-2: Fly out, F8 (Line Drive, 8RM, EV 101.9 MPH)
|
| Top of the 4th over - 0 runs, 0 hits, 0 errors, 0 left on base; Lexington 0 - Hickory 5 |
| BOTTOM OF THE 4TH |
|
Hickory Crawdads batting - Pitching for Lexington Legends : RHP Howie Seidler
|
|
Batting: RHB Ricky Carbajal
|
0-0: Fly out, F9 (Line Drive, 9S, EV 99.4 MPH)
|
|
Batting: RHB Dennis Daniels
|
0-0: Ball 1-0: Called Strike 1-1: Ball 2-1: Ball 3-1: Called Strike 3-2: Strikes out swinging
|
|
Batting: LHB Sadamu Noguchi
|
0-0: Ball 1-0: Ball 2-0: Ball 3-0: Base on Balls
|
|
Pitching: LHP Hyoji Kawabata
|
|
|
Batting: RHB Theo van Gent
|
0-0: Ball 1-0: Ball 2-0: Ball 3-0: Base on Balls Sadamu Noguchi to second
|
|
Batting: RHB Joe Fiorito
|
0-0: Ball 1-0: Ball 2-0: Hit by Pitch Sadamu Noguchi to third Theo van Gent to second
|
|
Batting: RHB Vinny Luna
|
0-0: Ball 1-0: Ball 2-0: Ball 3-0: Base on Balls Sadamu Noguchi scores Theo van Gent to third Joe Fiorito to second
|
|
Batting: RHB Tim Adams
|
0-0: Called Strike 0-1: Ball 1-1: Called Strike 1-2: Foul Ball, location: 2F 1-2: SINGLE (Flyball, 8RS, EV 91.2 MPH) Theo van Gent scores Joe Fiorito to third Vinny Luna to second Runner from 3rd tries for Home, SAFE, throw by CF to home
|
|
Batting: RHB Chance Lamb
|
0-0: Fielders Choice at 2nd, U6 (Groundball, 6M, EV 87.5 MPH)
|
| Bottom of the 4th over - 3 runs, 1 hit, 0 errors, 2 left on base; Lexington 0 - Hickory 8 |
| TOP OF THE 5TH |
|
Lexington Legends batting - Pitching for Hickory Crawdads : RHP Jose Barragan
|
|
Batting: RHB Pete Deschamps
|
0-0: Ball 1-0: Called Strike 1-1: Fly out, F9 (Flyball, 9, EV 93.8 MPH)
|
|
Batting: LHB Robert Wilkins
|
0-0: Called Strike 0-1: SINGLE (Groundball, 3D, EV 108.8 MPH)
|
|
Batting: RHB Ben Garrett
|
0-0: Called Strike 0-1: Called Strike Robert Wilkins steals 2nd base 0-2: SINGLE (Groundball, 6MD, EV 95.6 MPH) Robert Wilkins to third Runner from 3rd tries for Home, SAFE, throw by CF to home
|
|
Batting: RHB Nate De Jongh
|
0-0: Called Strike 0-1: Foul Ball, location: 2F 0-2: Ball 1-2: Ball 2-2: Ball 3-2: Foul Ball, location: 2F 3-2: Strikes out swinging
|
|
Batting: RHB Kunimatsu Oya
|
0-0: Called Strike 0-1: Called Strike 0-2: Ball 1-2: Strikes out swinging
|
| Top of the 5th over - 1 run, 2 hits, 0 errors, 1 left on base; Lexington 1 - Hickory 8 |
| BOTTOM OF THE 5TH |
|
Hickory Crawdads batting - Pitching for Lexington Legends : LHP Hyoji Kawabata
|
|
Batting: RHB Josh Ferguson
|
0-0: Ball 1-0: Ground out 1-3 (Groundball, 13S, EV 65.0 MPH)
|
|
Pitching: RHP Junsuke Abe
|
|
|
Batting: RHB Ricky Carbajal
|
0-0: Fly out, F8 (Flyball, 8RD, EV 105.0 MPH)
|
|
Batting: RHB Dennis Daniels
|
0-0: Ball 1-0: Called Strike 1-1: Ball 2-1: Fly out, F8 (Flyball, 8LS, EV 88.8 MPH)
|
| Bottom of the 5th over - 0 runs, 0 hits, 0 errors, 0 left on base; Lexington 1 - Hickory 8 |
| TOP OF THE 6TH |
|
Lexington Legends batting - Pitching for Hickory Crawdads : RHP Jose Barragan
|
|
Batting: RHB Eric Erickson
|
0-0: Foul Ball, location: 2F 0-1: Ball 1-1: Ball 2-1: Called Strike 2-2: Strikes out looking
|
|
Batting: RHB Doug Carter
|
0-0: Ball 1-0: Called Strike 1-1: Foul Ball, location: 2F 1-2: Ground out 1-3 (Groundball, 13S, EV 66.9 MPH)
|
|
Batting: SHB Ryoji Hiraoka
|
0-0: Ball 1-0: Foul Ball, location: 2F 1-1: Ball 2-1: Called Strike 2-2: Foul Ball, location: 2F 2-2: Strikes out swinging
|
| Top of the 6th over - 0 runs, 0 hits, 0 errors, 0 left on base; Lexington 1 - Hickory 8 |
| BOTTOM OF THE 6TH |
|
Hickory Crawdads batting - Pitching for Lexington Legends : RHP Junsuke Abe
|
|
Batting: LHB Sadamu Noguchi
|
0-0: Ball 1-0: Called Strike 1-1: Swinging Strike 1-2: Ball 2-2: Ball 3-2: SOLO HOME RUN (Flyball, 9LD, EV 93.1 MPH), Distance : 375 ft
|
|
Batting: RHB Theo van Gent
|
0-0: Ball 1-0: Foul Ball, location: 2F 1-1: Ball 2-1: Ball 3-1: Foul Ball, location: 2F 3-2: Base on Balls
|
|
Batting: RHB Joe Fiorito
|
0-0: Ball 1-0: Foul Ball, location: 2F 1-1: Ball 2-1: Called Strike 2-2: Ball 3-2: Foul Ball, location: 2F 3-2: Base on Balls Theo van Gent to second
|
|
Pitching: RHP Rich Frontczak
|
|
|
Batting: RHB Vinny Luna
|
0-0: Ball 1-0: Ball 2-0: Foul Ball, location: 2F 2-1: Ball 3-1: Foul Ball, location: 2F 3-2: 3-RUN HOME RUN (Line Drive, 7D, EV 105.6 MPH), Distance : 401 ft
|
|
Batting: RHB Tim Adams
|
0-0: Foul Ball, location: 2F 0-1: Foul Ball, location: 2F 0-2: Strikes out swinging
|
|
Batting: RHB Chance Lamb
|
0-0: Ball 1-0: Ball 2-0: Ball 3-0: Base on Balls
|
|
Batting: RHB Josh Ferguson
|
0-0: Ball 1-0: TRIPLE (Groundball, 5L, EV 101.2 MPH) Chance Lamb scores
|
|
Batting: RHB Ricky Carbajal
|
0-0: Foul Ball, location: 2F 0-1: Foul Ball, location: 2F 0-2: Ball 1-2: Ball 2-2: SINGLE (Groundball, 6, EV 94.4 MPH) Josh Ferguson scores
|
|
Pitching: RHP Michiyo Takayama
|
|
|
Batting: RHB Dennis Daniels
|
0-0: Ball 1-0: Called Strike 1-1: Ground out 3-1 (Groundball, 34S, EV 78.8 MPH) Ricky Carbajal to second
|
|
Batting: LHB Sadamu Noguchi
|
0-0: Ball 1-0: Reached on error, E6 (Groundball, 6M, EV 96.9 MPH) Ricky Carbajal to third
|
|
Batting: RHB Theo van Gent
|
0-0: Called Strike 0-1: SINGLE (Groundball, 34D, EV 104.4 MPH) Ricky Carbajal scores Sadamu Noguchi to second Runner from 2nd tries for 3rd, SAFE, throw by RF made to third
|
|
Batting: RHB Joe Fiorito
|
0-0: Foul Ball, location: 2F 0-1: Ball 1-1: Called Strike 1-2: Foul Ball, location: 2F 1-2: Fly out, F3 (Popup, 3SF, EV 68.8 MPH)
|
| Bottom of the 6th over - 7 runs, 5 hits, 1 error, 2 left on base; Lexington 1 - Hickory 15 |
| TOP OF THE 7TH |
|
Lexington Legends batting - Pitching for Hickory Crawdads : RHP Jose Barragan
|
|
Batting: RHB Andy Urquhart
|
0-0: Ball 1-0: Swinging Strike 1-1: Ball 2-1: Swinging Strike 2-2: Foul Ball, location: 2F 2-2: Ground out 6-3 (Groundball, 6, EV 91.9 MPH)
|
|
Batting: RHB Pete Deschamps
|
0-0: Called Strike 0-1: Ball 1-1: Foul Ball, location: 2F 1-2: Strikes out swinging
|
|
Batting: LHB Robert Wilkins
|
0-0: Ball 1-0: Foul Ball, location: 2F 1-1: Ball 2-1: Called Strike 2-2: Foul Ball, location: 2F 2-2: Ball 3-2: Strikes out swinging
|
| Top of the 7th over - 0 runs, 0 hits, 0 errors, 0 left on base; Lexington 1 - Hickory 15 |
| BOTTOM OF THE 7TH |
|
Hickory Crawdads batting - Pitching for Lexington Legends : RHP Michiyo Takayama
|
|
Batting: RHB Vinny Luna
|
0-0: DOUBLE (Groundball, 3L, EV 95.0 MPH)
|
|
Batting: RHB Tim Adams
|
0-0: Ball 1-0: Ball 2-0: Ball 3-0: Called Strike 3-1: Foul Ball, location: 2F 3-2: Foul Ball, location: 2F 3-2: SINGLE (Line Drive, 4MD, EV 107.5 MPH) Vinny Luna to third
|
|
Pitching: LHP David Bearden
|
|
|
Batting: RHB Chance Lamb
|
0-0: Fielders Choice at 2nd, 4-6 (Groundball, 34, EV 98.1 MPH) Vinny Luna scores
|
|
Batting: RHB Josh Ferguson
|
0-0: Called Strike 0-1: Swinging Strike 0-2: Foul Ball, location: 2F 0-2: Ball 1-2: Fielders Choice at 2nd, 6-4 (Groundball, 6, EV 79.4 MPH)
|
|
Pinch Hitting: LHB Jose Baez
|
0-0: Called Strike 0-1: Swinging Strike 0-2: Strikes out swinging
|
| Bottom of the 7th over - 1 run, 2 hits, 0 errors, 1 left on base; Lexington 1 - Hickory 16 |
| TOP OF THE 8TH |
|
Lexington Legends batting - Pitching for Hickory Crawdads : RHP Jose Barragan
|
|
Now in CF: Jose Baez
|
|
|
Batting: RHB Ben Garrett
|
0-0: Ball 1-0: Ball 2-0: Foul Ball, location: 2F 2-1: Foul Ball, location: 2F 2-2: Foul Ball, location: 2F 2-2: Ball 3-2: Fly out, F9 (Flyball, 9D, EV 104.4 MPH)
|
|
Pitching: RHP Kirk Thacker
|
|
|
Batting: RHB Nate De Jongh
|
0-0: Ball 1-0: Ball 2-0: Ball 3-0: Called Strike 3-1: Called Strike 3-2: Ground out 4-3 (Groundball, 4, EV 84.4 MPH)
|
|
Batting: RHB Kunimatsu Oya
|
0-0: Ball 1-0: Called Strike 1-1: Foul Ball, location: 2F 1-2: Ball 2-2: Strikes out swinging
|
| Top of the 8th over - 0 runs, 0 hits, 0 errors, 0 left on base; Lexington 1 - Hickory 16 |
| BOTTOM OF THE 8TH |
|
Hickory Crawdads batting - Pitching for Lexington Legends : LHP David Bearden
|
|
Batting: RHB Dennis Daniels
|
0-0: Ball 1-0: Ball 2-0: Ball 3-0: Base on Balls
|
|
Batting: LHB Sadamu Noguchi
|
0-0: Called Strike 0-1: Foul Ball, location: 2F 0-2: Ball 1-2: Fielders Choice at 2nd, 6-4 (Groundball, 6, EV 83.1 MPH)
|
|
Batting: RHB Theo van Gent
|
0-0: Ball 1-0: SINGLE (Line Drive, 6MD, EV 99.4 MPH) Sadamu Noguchi to second Runner from 2nd tries for 3rd, SAFE, throw by CF made to third
|
|
Batting: RHB Joe Fiorito
|
0-0: Ball 1-0: Ball 2-0: Ball 3-0: Called Strike 3-1: Base on Balls Theo van Gent to second
|
|
Batting: RHB Vinny Luna
|
0-0: Fly out, F8 (Flyball, 8LM, EV 89.4 MPH)
|
|
Batting: RHB Tim Adams
|
0-0: Fielders Choice at 2nd, 6-4 (Groundball, 56D, EV 92.5 MPH)
|
| Bottom of the 8th over - 0 runs, 1 hit, 0 errors, 3 left on base; Lexington 1 - Hickory 16 |
| TOP OF THE 9TH |
|
Lexington Legends batting - Pitching for Hickory Crawdads : RHP Kirk Thacker
|
|
Batting: RHB Eric Erickson
|
0-0: Ball 1-0: Ball 2-0: Ball 3-0: Base on Balls
|
|
Batting: RHB Doug Carter
|
0-0: Ball 1-0: Called Strike 1-1: Called Strike 1-2: Strikes out looking
|
|
Batting: SHB Ryoji Hiraoka
|
0-0: Ball 1-0: Called Strike 1-1: Ball 2-1: Foul Ball, location: 2F 2-2: Ball 3-2: Fly out, F8 (Flyball, 8LD, EV 97.5 MPH)
|
|
Batting: RHB Andy Urquhart
|
0-0: Foul Ball, location: 2F 0-1: Ball 1-1: Foul Ball, location: 2F 1-2: Fly out, F9 (Flyball, 9, EV 96.9 MPH)
|
| Top of the 9th over - 0 runs, 0 hits, 0 errors, 1 left on base; Lexington 1 - Hickory 16 |
|